AoeStats
← RH450

Highland

504418276Analyzed
4v4 RM · 27d ago on Sep 5, 2026· 44m 16s· 8 players
Game mode
Random Map
Map size
Large (8 player)
Population
200
Speed
Normal
Resources
Standard
Victory
Conquest
Starting age
Dark Age
Ending age
Imperial Age
RankedLock teamsTeams togetherTeam positionsShared explorationLock speedFull tech treeHidden civsTurbo modeCheats
Victory
Defeat
🇨🇳 Franks · China
962
+16
🇨🇦 Malians · Canada
956
+16
🇦🇺 Spanish · Australia
951
+16
🇦🇺 Japanese · Australia
870
+19
🇪🇸 Mongols · Spain
983
-18
🇨🇳 Hindustanis · China
968
-17
🇪🇸 Spanish · Spain
942
-16
🇩🇪 Turks · Germany
924
-16
jbw6792
11:19 Feudal Age
16:13 Castle Age
14:45 Double-Bit Axe
15:04 Horse Collar
16:16 Stone Mining
16:17 Gold Mining
22:04 Wheelbarrow
23:42 Gold Mining
29:38 Stone Shaft Mining
33:02 Imperial Age
32:16 Hand Cart
31:49 Loom
33:22 Scale Barding Armor
33:28 Forging
33:19 Padded Archer Armor
34:16 Husbandry
34:27 Bloodlines
33:40 Cavalier
33:59 Elite Conquistador
35:00 Conscription
35:18 Caravan
35:33 Paladin
36:58 Bow Saw
36:55 Heavy Plow
37:44 Chain Barding Armor
38:00 Iron Casting
37:41 Leather Archer Armor
39:15 Chemistry
38:46 Thumb Ring
39:49 Plate Barding Armor
43:02 Ring Archer Armor
43:33 Blast Furnace
大草原畜牧
10:34 Feudal Age
14:58 Castle Age
13:02 Double-Bit Axe
16:12 Bow Saw
23:42 Wheelbarrow
24:27 Gold Mining
25:10 Hand Cart
25:18 Hand Cart
29:52 Imperial Age
27:32 Stone Mining
28:18 Gold Shaft Mining
29:14 Loom
30:07 Scale Barding Armor
30:12 Forging
31:40 Chemistry
31:01 Husbandry
30:23 Cavalier
31:27 Chain Barding Armor
31:26 Town Watch
32:31 Iron Casting
32:41 Paladin
34:59 Conscription
34:54 Masonry
35:03 Town Patrol
35:49 Plate Barding Armor
36:16 Blast Furnace
dasorux
3:17 Loom
12:45 Feudal Age
13:15 Man-at-Arms
19:37 Castle Age
17:57 Double-Bit Axe
18:23 Horse Collar
19:58 Bloodlines
21:25 Wheelbarrow
21:11 Husbandry
20:33 Light Cavalry
21:02 Town Watch
23:03 Fletching
23:19 Scale Barding Armor
23:16 Scale Mail Armor
24:34 Town Patrol
35:34 Imperial Age
33:08 Gold Mining
33:39 Bow Saw
33:30 Elite Skirmisher
34:09 Bodkin Arrow
35:11 Stone Mining
35:55 Heavy Camel Rider
37:43 Padded Archer Armor
37:55 Forging
39:06 Farimba
40:24 Leather Archer Armor
40:47 Chain Barding Armor
41:02 Conscription
42:55 Iron Casting
42:25 Tigui
44:13 Plate Barding Armor
44:11 Ring Archer Armor
Cow
11:46 Feudal Age
16:06 Fishing Lines
17:55 Wheelbarrow
17:06 Loom
17:43 Fletching
18:45 Gold Mining
19:43 Scale Mail Armor
27:24 Castle Age
25:24 Double-Bit Axe
25:23 Horse Collar
26:50 Man-at-Arms
28:57 Bow Saw
28:49 Heavy Plow
29:42 Squires
29:28 Arson
29:30 Gambesons
29:47 Bodkin Arrow
30:08 Chain Mail Armor
30:20 Long Swordsman
31:05 Yasama
31:38 Hand Cart
31:36 Padded Archer Armor
32:41 Medium Warships
32:36 Gillnets
36:11 Forging
40:44 Imperial Age
38:36 Pikeman
41:20 Ballistics
40:54 Guard Tower
42:26 Kataparuto
43:23 Conscription
44:30 Iron Casting
RH450
2:55 Loom
12:28 Feudal Age
16:58 Castle Age
18:39 Double-Bit Axe
18:39 Horse Collar
20:54 Heavy Plow
21:09 Gold Mining
21:10 Stone Mining
33:48 Padded Archer Armor
33:57 Scale Barding Armor
34:30 Bow Saw
37:37 Imperial Age
34:56 Town Watch
37:02 Bloodlines
39:04 Husbandry
38:26 Cavalier
40:06 Leather Archer Armor
40:26 Chain Barding Armor
40:07 Scale Mail Armor
41:39 Paladin
43:42 Chain Mail Armor
44:03 Plate Barding Armor
43:59 Ring Archer Armor
Sunnyboy
7:09 Loom
10:54 Feudal Age
11:45 Horse Collar
11:51 Double-Bit Axe
19:31 Castle Age
18:45 Stone Mining
18:46 Gold Mining
21:37 Forging
21:28 Scale Mail Armor
21:33 Scale Barding Armor
21:18 Fletching
21:29 Padded Archer Armor
21:45 Bow Saw
24:46 Heavy Plow
25:25 Wheelbarrow
28:48 Town Watch
32:59 Imperial Age
31:00 Fortified Wall
31:37 Hand Cart
33:10 Elite Janissary
34:41 Bloodlines
34:31 Husbandry
34:50 Bodkin Arrow
35:10 Leather Archer Armor
35:30 Iron Casting
35:19 Chain Barding Armor
35:54 Ballistics
36:11 Conscription
36:48 Gold Shaft Mining
36:19 Bracer
38:45 Caravan
39:03 Murder Holes
38:49 Treadmill Crane
39:20 Masonry
39:52 Hoardings
41:42 Blast Furnace
41:28 Plate Barding Armor
41:32 Ring Archer Armor
42:39 Sipahi
42:19 Artillery
42:21 Heavy Camel Rider
43:52 Chain Mail Armor
Мужикman
0:54 Loom
11:06 Feudal Age
12:52 Double-Bit Axe
22:38 Castle Age
21:39 Horse Collar
21:52 Gold Mining
24:29 Heavy Plow
24:42 Bow Saw
27:08 Gold Shaft Mining
26:25 Stone Mining
32:17 Fletching
33:09 Wheelbarrow
35:33 Imperial Age
33:52 Stone Shaft Mining
33:22 Town Watch
34:25 Caravan
34:52 Fortified Wall
34:52 Masonry
35:03 Hand Cart
34:51 Town Patrol
35:40 Careening
36:55 Bodkin Arrow
37:01 Padded Archer Armor
277965650
11:05 Feudal Age
23:03 Castle Age
21:06 Stone Mining
21:03 Double-Bit Axe
21:00 Horse Collar
23:17 Gold Mining
24:59 Heavy Plow
25:11 Bow Saw
27:51 Stone Shaft Mining
27:51 Gold Shaft Mining
29:37 Gold Shaft Mining
31:31 Guard Tower
36:17 Imperial Age
38:36 Chemistry
41:57 Forging
41:47 Scale Mail Armor
41:52 Scale Barding Armor
43:11 Two-Man Saw
43:30 Iron Casting
44:01 Chain Mail Armor
43:49 Heavy Camel Rider
44:30 Husbandry
44:40 Bloodlines
Connection lost

Rejoining the realm…

Still unreachable

The connection could not be restored.

Session expired

The server has moved on; the page needs a fresh start.